AoeStats
← Mehaverage

Arena

508855039Analyzed
2v2 RM · 9d ago on Sep 24, 2026· 40m 27s· 4 players
Game mode
Random Map
Map size
Medium (4 player)
Population
200
Speed
Normal
Resources
Standard
Victory
Conquest
Starting age
Dark Age
Ending age
Imperial Age
RankedLock teamsTeams togetherTeam positionsShared explorationLock speedFull tech treeHidden civsTurbo modeCheats
Victory
Defeat
🇬🇧 Lithuanians · United Kingdom
944
+17
🇨🇳 Turks · China
907
+19
🇸🇦 Khmer · Saudi Arabia
976
-18
🇲🇰 Danes · North Macedonia
972
-18
Mehaverage
10:15 Feudal Age
14:26 Castle Age
12:53 Double-Bit Axe
12:50 Horse Collar
16:39 Loom
22:34 Gold Mining
22:34 Stone Mining
25:09 Wheelbarrow
30:25 Imperial Age
28:27 Stone Mining
29:13 Scale Barding Armor
29:19 Forging
30:16 Chain Barding Armor
30:20 Husbandry
30:30 Bloodlines
30:56 Heavy Plow
31:08 Bow Saw
31:32 Conscription
31:53 Iron Casting
32:47 Plate Barding Armor
38:54 Chemistry
40:19 Elite Leitis
cjf_1
11:17 Feudal Age
15:53 Castle Age
14:26 Gold Mining
14:45 Double-Bit Axe
14:46 Horse Collar
19:01 Wheelbarrow
20:02 Heavy Plow
27:12 Imperial Age
26:21 Bow Saw
26:20 Padded Archer Armor
29:45 Two-Man Saw
29:26 Ballistics
30:46 Hand Cart
30:54 Leather Archer Armor
31:54 Gold Shaft Mining
33:21 Husbandry
33:31 Bloodlines
38:23 Cavalier
41:22 Ring Archer Armor
40:53 Murder Holes
dre
9:35 Feudal Age
11:04 Double-Bit Axe
11:50 Horse Collar
14:28 Gold Mining
17:22 Castle Age
18:06 Fletching
18:39 Loom
21:31 Bloodlines
21:21 Husbandry
22:23 Thumb Ring
22:27 Padded Archer Armor
25:12 Wheelbarrow
26:21 Gold Shaft Mining
25:36 Stone Mining
25:57 Bow Saw
25:53 Heavy Plow
31:37 Stone Mining
31:59 Bodkin Arrow
32:19 Leather Archer Armor
32:16 Forging
32:11 Scale Barding Armor
33:53 Ballistics
33:44 Masonry
33:30 Murder Holes
34:29 Hand Cart
34:18 Town Watch
38:15 Imperial Age
35:47 Town Patrol
36:25 Iron Casting
36:11 Chain Barding Armor
38:28 Scale Mail Armor
38:54 Heavy Mounted Crossbowman
38:55 Cranequins
Topel
10:03 Feudal Age
11:03 Double-Bit Axe
11:03 Horse Collar
17:06 Castle Age
21:46 Bow Saw
22:20 Stone Mining
22:25 Gold Mining
24:00 Loom
24:47 Scale Barding Armor
24:53 Forging
25:48 Bloodlines
25:39 Husbandry
26:02 Fletching
25:49 Light Cavalry
28:21 Chain Barding Armor
28:36 Iron Casting
27:57 Bodkin Arrow
29:27 Iron Casting
32:49 Imperial Age
30:20 Bodkin Arrow
31:12 Padded Archer Armor
32:25 Tusk Swords
33:36 Hussar
35:42 Plate Barding Armor
37:15 Conscription
38:10 Bracer
38:26 Leather Archer Armor
40:23 Elite Skirmisher
Connection lost

Rejoining the realm…

Still unreachable

The connection could not be restored.

Session expired

The server has moved on; the page needs a fresh start.